 Dungeon Crawl Stone Soup version 0.21-a0-401-g0b6bec4 (webtiles) character file.

7879 kae the Geomancer (level 11, -4/54 HPs)
             Began as a Gargoyle Earth Elementalist on Oct 24, 2017.
             Was a Priest of Vehumet.
             Slain by an eight-headed hydra (6 damage)
             ... on level 10 of the Dungeon.
             The game lasted 00:13:34 (10945 turns).

kae the Geomancer (Gargoyle Earth Elementalist)    Turns: 10945, Time: 00:13:34

Health: -4/54      AC: 19    Str: 14    XL:     11   Next: 22%
Magic:  14/24      EV: 12    Int: 19    God:    Vehumet [***...]
Gold:   466        SH:  0    Dex: 10    Spells: 16/28 levels left

rFire    . . .     SeeInvis .   E - +1 whip (venom)
rCold    . . .     Gourm    +   (no shield)
rNeg     + . .     Faith    .   c - +0 robe
rPois    ∞         Spirit   .   k - +1 helmet
rElec    +         Reflect  .   o - +0 cloak
rCorr    .         Harm     .   h - +2 pair of gloves
MR       .....                  (no boots)
Stlth    ++........             y - amulet of the gourmand
HPRegen  0.18/turn              f - +3 ring of protection
MPRegen  0.19/turn              x - +2 ring of strength

@: sluggish, very slow
A: negative energy resistance 1, electricity resistance, unbreathing,
petrification resistance, rot immunity, AC +8
a: Renounce Religion


You were on level 10 of the Dungeon.
You worshipped Vehumet.
Vehumet was most pleased with you.
You were very full.

You visited 2 branches of the dungeon, and saw 11 of its levels.

You collected 466 gold pieces.

Inventory:

Hand Weapons
 g - a +0 short sword
 E - a +1 whip of venom (weapon)
Missiles
 b - 286 stones (quivered)
Armour
 c - a +0 robe (worn)
 h - a +2 pair of gloves (worn)
 k - a +1 helmet (worn)
 o - a +0 cloak (worn)
Jewellery
 f - a +3 ring of protection (left hand)
 n - an uncursed amulet of rage
 q - an uncursed amulet of harm
 x - a +2 ring of strength (right hand)
 y - an amulet of the gourmand (around neck)
Wands
 i - a wand of acid (11/15)
 B - a wand of enslavement (12/24)
 K - a wand of paralysis (16/24)
Scrolls
 m - 4 scrolls of teleportation
 F - a scroll of identify
 G - a scroll of fog
 J - a scroll of magic mapping {unknown}
 L - a scroll of enchant weapon
 N - a scroll of remove curse
 Q - a scroll of enchant armour
Potions
 j - a potion of haste {unknown}
 l - 2 potions of flight {unknown}
 p - 2 potions of lignification
 r - a potion of agility
 t - 2 potions of degeneration {unknown}
 u - 3 potions of magic
 v - a potion of experience {unknown}
 w - 2 potions of curing
 A - 5 potions of heal wounds
 C - 2 potions of cancellation {unknown}
 D - a potion of brilliance
 I - a potion of ambrosia {unknown}
 R - a potion of berserk rage {unknown}
 T - 3 potions of might {unknown}
Books
 a - a book of Unlife

   Spells                             Type                      Level
   a - Recall                         Summoning/Translocation      3
   b - Animate Dead                   Necromancy                   4
   c - Control Undead                 Necromancy                   4
   d - Cigotuvi's Embrace             Necromancy                   5
   e - Death Channel                  Necromancy                   6
   f - Simulacrum                     Ice/Necromancy               6
 e - a book of Geomancy

   Spells                             Type                      Level
   a - Sandblast                      Earth                        1
   b - Passwall                       Transmutation/Earth          2
   c - Stone Arrow                    Conjuration/Earth            3
   d - Petrify                        Transmutation/Earth          4
   e - Lee's Rapid Deconstruction     Earth                        5
 s - a book of Air

   Spells                             Type                      Level
   a - Shock                          Conjuration/Air              1
   b - Swiftness                      Charms/Air                   2
   c - Static Discharge               Conjuration/Air              3
   d - Airstrike                      Air                          4
   e - Lightning Bolt                 Conjuration/Air              5
 H - a Fen Folio

   Spells                             Type                      Level
   a - Corpse Rot                     Necromancy                   2
   b - Stone Arrow                    Conjuration/Earth            3
   c - Leda's Liquefaction            Hexes/Earth                  4
   d - Summon Forest                  Summoning/Translocation      5
   e - Hydra Form                     Transmutation                6
   f - Summon Hydra                   Summoning                    7
 P - a book of Minor Magic

   Spells                             Type                      Level
   a - Magic Dart                     Conjuration                  1
   b - Blink                          Translocation                2
   c - Call Imp                       Summoning                    2
   d - Slow                           Hexes                        2
   e - Conjure Flame                  Conjuration/Fire             3
   f - Mephitic Cloud                 Conjuration/Poison/Air       3
Comestibles
 d - 8 bread rations
 z - 4 meat rations
 O - 3 fruits
 S - 3 royal jellies


   Skills:
 - Level 1.5 Dodging
 - Level 2.1 Stealth
 + Level 9.4 Spellcasting
 + Level 10.5 Conjurations
   Level 0.7 Transmutations
 + Level 12.1 Earth Magic


You had 16 spell levels left.
You knew the following spells:

 Your Spells              Type           Power        Failure   Level  Hunger
a - Sandblast             Erth           ######       1%          1    None
b - Stone Arrow           Conj/Erth      ######       1%          3    None
c - Lee's Rapid Deconstr  Erth           ######....   1%          5    #####..
d - Sting                 Conj/Pois      ####         1%          1    None
e - Swiftness             Chrm/Air       #.......     12%         2    None


Dungeon Overview and Level Annotations

Branches:
Dungeon (10/15)            Temple (1/1) D:5            Lair (0/6) D:9
    Orc: D:9-12

Altars:
Ashenzari
Cheibriados
Dithmenos
Elyvilon
Fedhas
Gozag
Hepliaklqana
Kikubaaqudgha
Makhleb
Nemelex Xobeh
Okawaru
Qazlal
Ru
Sif Muna
Trog
Uskayaw
Vehumet
Wu Jian
Xom
Yredelemnul
Zin
The Shining One


Innate Abilities, Weirdness & Mutations

You are resistant to torment.
Your stone body is resilient. (AC +8)
You are immune to poison.
You resist negative energy. (rN+)
You are resistant to electric shocks. (rElec)
You can survive without breathing.
You are immune to petrification.
You are immune to rotting.


Message History

The eight-headed hydra misses you. The eight-headed hydra bites you!
The eight-headed hydra bites you but does no damage.
The eight-headed hydra closely misses you. x2
The eight-headed hydra bites you but does no damage.
The eight-headed hydra bites you! The eight-headed hydra misses you.
The eight-headed hydra bites you!
The eight-headed hydra bites you but does no damage.
The eight-headed hydra bites you!
* * * LOW HITPOINT WARNING * * *
You start to feel a little slower.
You feel sluggish.
You start to feel a little faster.
There is a stone staircase leading up here.
The eight-headed hydra closely misses you.
The eight-headed hydra bites you!
* * * LOW HITPOINT WARNING * * *
The eight-headed hydra closely misses you. x2
The eight-headed hydra bites you but does no damage.
The eight-headed hydra bites you.
You die...

#.....##...# #..#
##..##.##...# #..#
#...##>##...#####..#
....##........D....#
D..###.##...######.#
..## #.#....# #.#
.## #.#.#.## #.# ##
#.#.#.#######D#
#.#........@#.#
#.#.#.......D.#
#.#############


You could see an eight-headed hydra.

Vanquished Creatures
  A two-headed ogre (D:9)
  4 wizards (D:7)
  A deep elf mage (D:7)
  A komodo dragon (D:9)
  A troll (D:10)
  Sigmund (D:3)
  A spriggan (D:7)
  A hungry ghost (D:7)
  5 orc warriors
  2 sky beasts
  5 ogres
  4 centaurs
  A big kobold (D:8)
  2 bullfrogs
  A gnoll sergeant (D:9)
  3 scorpions
  4 killer bees (D:9)
  An oklob sapling (D:5)
  5 wights (D:9)
  A bullfrog zombie (D:8)
  The ghost of kae the Digger, a weakling GrEE of Vehumet (D:3)
  6 crimson imps
  2 jellies
  5 orc wizards
  2 centaur skeletons
  A gnoll shaman (D:6)
  7 hounds
  5 orc priests
  An iguana (D:7)
  9 worker ants
  A hound zombie (D:10)
  2 hound skeletons
  A howler monkey zombie (D:6)
  6 gnolls
  11 adders
  3 shadow imps
  2 oozes
  4 worms
  3 dart slugs
  2 leopard geckos
  25 orcs
  4 bats
  4 giant cockroaches
  10 goblins
  6 hobgoblins
  3 jackals
  4 quokkas
  5 ball pythons
  5 frilled lizards
  14 kobolds
  2 quokka skeletons
  6 rats
  A plant (D:5)
208 creatures vanquished.

Vanquished Creatures (others)
  A plant (D:9)
1 creature vanquished.

Grand Total: 209 creatures vanquished

Notes
Turn   | Place    | Note
-------+----------+-------------------------------------------
     0 | D:1      | kae the Gargoyle Earth Elementalist began the quest for the Orb.
     0 | D:1      | Reached XP level 1. HP: 10/10 MP: 3/3
   263 | D:1      | Found a shattered altar of Ashenzari.
   322 | D:1      | Reached skill level 4 in Earth Magic
   322 | D:1      | Reached XP level 2. HP: 15/15 MP: 5/5
   911 | D:1      | Reached XP level 3. HP: 17/19 MP: 7/7
   924 | D:1      | Learned a level 3 spell: Stone Arrow
  1280 | D:2      | Reached skill level 1 in Conjurations
  1280 | D:2      | Reached XP level 4. HP: 14/24 MP: 1/8
  1928 | D:3      | Found a shadowy altar of Dithmenos.
  1949 | D:3      | Reached skill level 5 in Earth Magic
  2200 | D:3      | Noticed Sigmund
  2885 | D:3      | Killed Sigmund
  2885 | D:3      | Reached XP level 5. HP: 28/28 MP: 0/10
  2885 | D:3      | Reached XP level 6. HP: 32/32 MP: 0/11
  3054 | D:3      | Noticed kae's ghost (weakling GrEE)
  3111 | D:3      | Killed kae's ghost
  3566 | D:4      | Reached skill level 6 in Earth Magic
  3868 | D:4      | Noticed a sky beast
  3911 | D:4      | Killed a sky beast
  3911 | D:4      | Reached XP level 7. HP: 17/36 MP: 2/13
  4410 | D:5      | Entered Level 5 of the Dungeon
  4515 | D:5      | Found a staircase to the Ecumenical Temple.
  4651 | D:5      | Reached skill level 5 in Spellcasting
  4651 | D:5      | Reached skill level 7 in Earth Magic
  4674 | D:5      | Reached XP level 8. HP: 38/41 MP: 11/15
  4725 | D:5      | Learned a level 5 spell: Lee's Rapid Deconstruction
  4784 | D:5      | Reached skill level 5 in Conjurations
  4791 | Temple   | Entered the Ecumenical Temple
  4889 | Temple   | Became a worshipper of Vehumet
  5019 | D:5      | Found an ornate altar of the Wu Jian Council.
  5738 | D:6      | Reached skill level 8 in Earth Magic
  5772 | D:6      | Found a blossoming altar of Fedhas.
  6533 | D:6      | Reached XP level 9. HP: 30/45 MP: 3/18
  7012 | D:6      | Reached * piety under Vehumet
  7012 | D:6      | Offered knowledge of Sting by Vehumet.
  7175 | D:6      | Learned a level 1 spell: Sting
  7178 | D:6      | Learned a level 2 spell: Swiftness
  7188 | D:6      | Reached skill level 9 in Earth Magic
  7401 | D:7      | Noticed a wizard
  7402 | D:7      | Noticed a wizard
  7403 | D:7      | Noticed a wizard
  7414 | D:7      | Killed a wizard
  7478 | D:7      | Killed a wizard
  7613 | D:7      | Noticed a wizard
  7758 | D:7      | Killed a wizard
  7758 | D:7      | Reached skill level 10 in Earth Magic
  7758 | D:7      | Reached XP level 10. HP: 50/50 MP: 11/21
  7814 | D:7      | Found a basalt altar of Yredelemnul.
  8121 | D:7      | Killed a wizard
  8628 | D:7      | Found a stormy altar of Qazlal.
  8628 | D:7      | Noticed a deep elf mage
  8630 | D:7      | Killed a deep elf mage
  8630 | D:7      | Reached skill level 11 in Earth Magic
  9176 | D:8      | Reached ** piety under Vehumet
  9209 | D:8      | Offered knowledge of Searing Ray by Vehumet.
  9947 | D:9      | Noticed a two-headed ogre
  9952 | D:9      | Killed a two-headed ogre
  9952 | D:9      | Reached skill level 10 in Conjurations
  9952 | D:9      | Reached XP level 11. HP: 54/54 MP: 12/24
 10078 | D:9      | Offered knowledge of Throw Flame by Vehumet.
 10152 | D:9      | Found a stormy altar of Qazlal.
 10240 | D:9      | Found a staircase to the Lair.
 10339 | D:9      | Reached skill level 12 in Earth Magic
 10650 | D:9      | Reached *** piety under Vehumet
 10768 | D:10     | Entered Level 10 of the Dungeon
 10908 | D:10     | Noticed an eight-headed hydra
 10908 | D:10     | Noticed a cyan ugly thing
 10945 | D:10     | HP: 2/54 [eight-headed hydra (10)]
 10945 | D:10     | Slain by an eight-headed hydra

Vault maps used:
D:1:      dpeg_arrival_oval, nicolae_ashenzari_panopticon
D:2:      grunt_ministairs_2
D:3:      nicolae_dithmenos_shadow_blocks, uniq_sigmund
D:4:      first_bread
D:5:      minmay_temple_entry_oklob, kennysheep_diamond, roderic_roman_lattice
D:6:      fedhas_altar_2
D:7:      cheibrodos_wizards_tower, kennysheep_mini, the_bakery,
          david_defended_altar_elf
D:9:      david_lair_shrubbed, grunt_qazlal_sundering
D:10:     minmay_the_grid_octo_2x2, uniq_fannar
Temple:   nicolae_temple_the_god_donut

Skill      XL: |  1  2  3  4  5  6  7  8  9 10 11 |
---------------+----------------------------------+-----
Earth Magic    | 4 5 6 7 8 10 11 12 | 12.1
Spellcasting   | 3 4 5 6 7 9 |  9.4
Conjurations   | 1 3 4 6 8 10 | 10.5
Dodging        | |  1.5
Stealth        | |  2.1
Transmutations | |  0.7

Action                   |  1- 3 |  4- 6 |  7- 9 | 10-12 || total
-------------------------+-------+-------+-------+-------++-------
Melee: Short sword       |   117 |   181 |    34 |       ||   332
       Unarmed           |     2 |       |       |       ||     2
       Whip              |       |       |   179 |   185 ||   364
 Cast: Sandblast         |     7 |    19 |     9 |     8 ||    43
       Stone Arrow       |     3 |    14 |    61 |    96 ||   174
       Sting             |       |       |     3 |    21 ||    24
       Swiftness         |       |       |       |     2 ||     2
  Use: Potion            |     1 |     2 |       |       ||     3
       Scroll            |       |     6 |     7 |     4 ||    17
 Stab: Sleeping          |     1 |     3 |     3 |     3 ||    10
  Eat: Chunk             |     2 |     9 |    10 |    18 ||    39
       Fruit             |       |       |     3 |       ||     3
       Royal jelly       |       |       |     1 |     1 ||     2
Armor: Robe              |    72 |    82 |   116 |   138 ||   408
Dodge: Dodged            |    99 |   108 |   169 |   168 ||   544

Table legend:
 A = Spawn XP
 B = Non-spawn XP
 C = Spawn XP percentage of total XP
 D = Spawn monster count
 E = Non-spawn monster count
 F = Spawn count percentage of total count
 G = Total turns spent on level
                    A         B        C        D         E        F      G
               +---------+---------+-------+---------+---------+-------+---------
         Total |       0 |   11256 |   0.0 |       0 |     207 |   0.0 | 10945
               +---------+---------+-------+---------+---------+-------+---------
           D:1 |       0 |      60 |   0.0 |       0 |      21 |   0.0 |  1097
           D:2 |       0 |      58 |   0.0 |       0 |      25 |   0.0 |   971
           D:3 |       0 |     334 |   0.0 |       0 |      19 |   0.0 |  1424
           D:4 |       0 |     550 |   0.0 |       0 |      17 |   0.0 |   918
           D:5 |       0 |     715 |   0.0 |       0 |      18 |   0.0 |  1145
           D:6 |       0 |    1068 |   0.0 |       0 |      30 |   0.0 |  1732
           D:7 |       0 |    4172 |   0.0 |       0 |      20 |   0.0 |  1324
           D:8 |       0 |    1436 |   0.0 |       0 |      26 |   0.0 |   809
           D:9 |       0 |    2537 |   0.0 |       0 |      28 |   0.0 |  1226
          D:10 |       0 |     326 |   0.0 |       0 |       3 |   0.0 |   177
               +---------+---------+-------+---------+---------+-------+---------
